Map: Terraform LE (Void)

Players

Power

  • Race: Zerg Zerg
  • League: Platinum

ImotoFantasy - Winner!

  • Race: Protoss Protoss
  • League: Platinum

VOD

Have the link to the VOD?

Description

Time

  • Played on: Oct. 26, 2015, 11:58 p.m.
  • Length: 13:21
Show
View Real Time Build Order
Export as new Build Order

Power Zerg 

Build Orders: Hatch First 

Get SALT Encoding   

  12  0:01  Drone  
  13  0:08  Drone  
  14  0:17  Overlord  
  14  0:29  Extractor  
  14  0:30  Drone  
  15  0:37  Drone x2  
  17  0:49  Drone  
  18  0:58  Drone  
  18  0:59  Hatchery  
  18  1:08  Drone  
  19  1:15  Spawning Pool  
  18  1:18  Drone  
  19  1:29  Drone  
  20  1:40  Hatchery  
  20  1:42  Drone  
  20  1:49  Overlord  
  20  2:04  Queen  
  20  2:08  Drone  
  23  2:10  Queen  
  23  2:12  Zergling x2  
  26  2:16  Drone  
  26  2:21  Drone  
  26  2:22  Drone  
  29  2:32  Overlord  
  29  2:35  Drone  
  30  2:42  Queen  
  32  2:52  Drone x2  
  32  2:54  Overlord, Queen  
  32  2:57  Drone, Extractor  
  32  2:58  Extractor  
  35  2:59  Drone  
  36  3:08  Drone x3  
  36  3:11  Extractor x2  
  37  3:16  Drone x3  
  40  3:23  Drone x2  
  40  3:24  Drone x2  
  44  3:36  Overlord, Drone  
  44  3:37  Drone x2  
  44  3:38  Drone  
  48  3:47  Drone  
  48  3:48  Drone x2  
  51  3:54  Drone x3  
  54  3:56  Drone  
  54  3:57  Drone  
  54  4:00  Drone x2  
  58  4:06  Lair  
  58  4:13  Roach Warren  
  58  4:15  Drone  
  58  4:19  Evolution Chamber  
  58  4:21  Drone  
  58  4:22  Evolution Chamber, Drone  
  58  4:24  Drone  
  58  4:31  Drone x4  
  60  4:33  Overlord  
  63  4:40  Overlord  
  63  4:41  Drone  
  63  4:42  Drone x2  
  66  4:49  Zerg Missile Weapons Level 1, Zerg Ground Armor Level 1  
  66  4:50  Overlord  
  66  4:59  Drone  
  67  5:00  Drone x7  
  67  5:02  Extractor  
  67  5:03  Overlord  
  67  5:04  Extractor  
  72  5:09  Glial Reconstitution  
  72  5:17  Drone x5  
  77  5:27  Roach  
  77  5:28  Roach x3  
  85  5:31  Drone  
  85  5:32  Pneumatized Carapace  
  85  5:33  Overseer  
  86  5:40  Hatchery  
  85  5:47  Roach x5  
  85  5:48  Roach  
  97  5:52  Overlord x3  
  97  5:53  Hydralisk Den  
  96  6:10  Overlord x6  
  96  6:11  Overlord  
  96  6:25  Drone  
  97  6:26  Drone x7  
  97  6:29  Muscular Augments  
  97  6:30  Hydralisk x2  
  108  6:39  Overlord  
  108  6:48  Drone x4  
  108  6:49  Drone  
  108  6:51  Extractor  
  112  6:54  Hydralisk, Zerg Ground Armor Level 2, Zerg Missile Weapons Level 2, Extractor  
  112  6:55  Hydralisk x6  
  112  6:57  Metabolic Boost  
  125  7:08  Drone x3  
  128  7:13  Queen  
  128  7:15  Hydralisk x6  
  142  7:28  Ravager  
  142  7:29  Ravager x5  
  148  7:32  Roach  
  148  7:33  Roach x8  
  166  7:38  Infestation Pit  
  166  7:39  Drone x2  
  166  7:40  Drone  
  166  7:41  Spire  
  167  7:46  Lurker Den  
  167  7:55  Hydralisk x7  
  169  8:08  Hydralisk  
  169  8:09  Hydralisk x6  
  162  8:24  Hydralisk x6  
  174  8:40  Hatchery  
  173  8:47  Overlord x2  
  173  8:48  Overlord x3  
  173  8:52  Spire  
  171  9:00  Zerg Flyer Weapons Level 1  
  171  9:02  Overlord, Extractor  
  170  9:03  Corruptor x3, Extractor  
  148  9:24  Hydralisk x7  
  148  9:25  Hydralisk x7  
  148  9:27  Zergling x2  
  148  9:28  Zergling x2  
  169  9:38  Hydralisk x3  
  151  9:39  Hydralisk x2  
  146  9:55  Hydralisk x8  
  162  10:00  Hive  
  162  10:08  Roach x4  
  162  10:09  Roach x2  
  174  10:19  Overlord  
  170  10:23  Zerg Flyer Armor Level 1  
  170  10:27  Corruptor  
  170  10:28  Corruptor x3  
  163  10:33  Zergling x2  
  163  10:34  Zergling x10  
  175  10:53  Corruptor  
  175  10:54  Corruptor x3  
  183  10:58  Zerg Flyer Weapons Level 2  
  183  11:04  Hatchery  
  172  11:20  Corruptor x5  
  172  11:21  Corruptor  
  168  11:36  Corruptor  
  168  11:37  Corruptor x4  
  158  11:50  Corruptor  
  158  11:51  Corruptor x4  
  134  12:20  Corruptor  
  134  12:21  Corruptor x8  
  130  12:23  Zergling x2  
  130  12:24  Zergling x10  
  130  12:28  Corruptor  
  135  12:35  Corruptor  
  135  12:36  Corruptor  
  137  12:49  Corruptor  
  137  12:50  Corruptor x3  
Show
View Real Time Build Order
Export as new Build Order

ImotoFantasy Protoss - Winner!

Build Orders: Nexus First 

Get SALT Encoding   

  12  0:01  Probe (Chrono Boost)  
  13  0:12  Probe (Chrono Boost)  
  14  0:20  Pylon  
  14  0:22  Probe (Chrono Boost)  
  15  0:39  Probe (Chrono Boost)  
  16  0:49  Probe (Chrono Boost)  
  17  1:00  Probe (Chrono Boost)  
  18  1:05  Nexus  
  18  1:11  Probe (Chrono Boost)  
  19  1:18  Gateway  
  19  1:22  Probe (Chrono Boost)  
  20  1:31  Assimilator x2  
  20  1:36  Probe (Chrono Boost)  
  21  1:45  Pylon  
  22  1:47  Probe (Chrono Boost)  
  22  1:57  Probe (Chrono Boost)  
  23  2:08  Probe (Chrono Boost)  
  24  2:10  Cybernetics Core  
  24  2:11  Zealot  
  26  2:18  Probe x2 (Chrono Boost)  
  28  2:28  Probe (Chrono Boost)  
  28  2:29  Probe (Chrono Boost)  
  30  2:40  Zealot  
  32  2:47  Mothership Core (Chrono Boost), Probe (Chrono Boost)  
  35  2:58  Probe (Chrono Boost)  
  36  3:04  Nexus  
  36  3:05  Probe (Chrono Boost)  
  37  3:10  Probe (Chrono Boost)  
  37  3:12  Pylon  
  37  3:20  Probe x2 (Chrono Boost)  
  39  3:31  Probe x2 (Chrono Boost), Pylon  
  41  3:35  Pylon  
  41  3:44  Probe x2 (Chrono Boost)  
  41  3:45  Forge  
  43  3:54  Probe x2 (Chrono Boost)  
  45  3:55  Stargate  
  45  4:01  Assimilator  
  45  4:04  Sentry, Assimilator  
  45  4:05  Probe x2 (Chrono Boost)  
  49  4:15  Probe x2 (Chrono Boost)  
  49  4:16  Probe (Chrono Boost)  
  52  4:18  Photon Cannon  
  52  4:21  Photon Cannon  
  52  4:26  Probe x2 (Chrono Boost)  
  52  4:29  Probe (Chrono Boost)  
  55  4:36  Probe x2 (Chrono Boost)  
  57  4:39  Fleet Beacon, Probe (Chrono Boost)  
  58  4:46  Void Ray (Chrono Boost)  
  58  4:50  Probe x2 (Chrono Boost)  
  58  4:51  Probe (Chrono Boost)  
  65  4:54  Protoss Air Weapons Level 1 (Chrono Boost)  
  65  5:00  Probe  
  65  5:02  Probe  
  67  5:08  Stargate  
  67  5:09  Stargate  
  67  5:12  Probe x2  
  69  5:20  Carrier (Chrono Boost)  
  69  5:22  Photon Cannon  
  69  5:25  Photon Cannon  
  75  5:45  Probe  
  75  5:47  Probe x2  
  75  5:49  Assimilator  
  78  5:51  Assimilator  
  78  5:53  Pylon  
  78  5:56  Pylon  
  78  6:01  Photon Cannon  
  78  6:03  Pylon  
  84  6:06  Photon Cannon, Carrier (Chrono Boost)  
  84  6:10  Photon Cannon  
  84  6:11  Photon Cannon  
  84  6:16  Photon Cannon  
  84  6:20  Carrier (Chrono Boost)  
  90  6:28  Probe x3  
  93  6:39  Protoss Air Weapons Level 2  
  93  6:43  Carrier (Chrono Boost)  
  93  6:45  Graviton Catapult  
  99  6:49  Pylon  
  99  6:52  Probe x2  
  99  6:53  Probe, Pylon  
  102  6:57  Pylon  
  102  7:00  Pylon  
  102  7:14  Pylon  
  102  7:16  Photon Cannon  
  102  7:25  Photon Cannon  
  102  7:27  Photon Cannon  
  102  7:28  Pylon  
  108  7:36  Carrier (Chrono Boost)  
  108  7:37  Carrier (Chrono Boost)  
  114  7:48  Stargate  
  114  7:52  Pylon  
  114  7:58  Carrier (Chrono Boost)  
  114  8:43  Pylon  
  114  8:45  Photon Cannon  
  114  8:51  Carrier (Chrono Boost)  
  126  8:58  Nexus  
  126  9:01  Carrier (Chrono Boost)  
  126  9:05  Pylon x2  
  126  9:07  Pylon  
  126  9:12  Pylon, Carrier (Chrono Boost)  
  138  9:22  Carrier (Chrono Boost)  
  116  9:53  Pylon  
  116  9:59  Pylon  
  116  10:06  Carrier (Chrono Boost)  
  121  10:15  Photon Cannon  
  121  10:16  Photon Cannon  
  121  10:17  Photon Cannon  
  127  10:27  Carrier x2 (Chrono Boost)  
  133  10:34  Photon Cannon  
  133  10:52  Nexus  
  133  10:55  Photon Cannon  
  133  10:56  Photon Cannon  
  139  10:58  Photon Cannon  
  139  11:00  Photon Cannon  
  139  11:06  Carrier (Chrono Boost)  
  139  11:46  Photon Cannon  
  139  11:47  Photon Cannon  
  139  11:49  Photon Cannon  
  139  11:50  Photon Cannon  
  139  11:52  Pylon  
  119  12:27  Void Ray x2 (Chrono Boost)  
  119  12:28  Void Ray (Chrono Boost)  
  135  12:32  Void Ray (Chrono Boost)  
  135  12:33  Probe x3  
  135  12:34  Probe  
  139  12:43  Gateway  
Tags
 
Add a new tag
Caveats
  • Supply blocks, unpowered buildings, or Contaminate may cause inaccurate times.
  • Supply counts are checked every 10 seconds.